 Dungeon Crawl Stone Soup version 0.29.0-7-g18a832c13a (console) character file.

Game seed: 2988571406346917138

474 odiv the Conjurer (level 6, 0/44 HPs)
             Began as a Demonspawn Wanderer on Aug 30, 2022.
             Slain by Edmund
             ... wielding a +5 vorpal flail
              (3 damage)
             ... on level 5 of the Dungeon.
             The game lasted 00:16:49 (5290 turns).

odiv the Conjurer (Demonspawn Wanderer)             Turns: 5290, Time: 00:16:50

Health: 0/44       AC:  2    Str: 14    XL:     6   Next: 84%
Magic:  5/7        EV: 16    Int: 17    God:
Gold:   272        SH:  0    Dex:  9    Spells: 3/7 levels left

rFire   . . .      SeeInvis .   a - +2 mace
rCold   + . .      Faith    .   (no shield)
rNeg    . . .      Spirit   .   d - +0 robe
rPois   .          Reflect  .   (no helmet)
rElec   .          Harm     .   h - scarf {shadows}
rCorr   .          Rampage  .   (no gloves)
Will    .....                   (no boots)
Stlth   +.........              (no amulet)
HPRegen 0.14/turn               C - ring of wizardry
MPRegen 0.20/turn               y - ring of protection from cold

@: mighty, agile, about to teleport
A: powered by pain 2, magic regeneration
a: no special abilities


You were on level 5 of the Dungeon.
You visited 2 branches of the dungeon, and saw 6 of its levels.

You collected 272 gold pieces.

Inventory:

Hand Weapons
 a - a +2 mace (weapon)
 r - a +0 sling
 u - a +0 trident
Missiles
 e - 51 stones
 m - a throwing net
Armour
 d - a +0 robe (worn)
 h - a scarf of shadows (worn)
Magical Staves
 b - a staff of fire
Jewellery
 v - a ring of protection from fire
 y - a ring of protection from cold (right hand)
 A - a ring of positive energy
 C - a ring of wizardry (left hand)
Wands
 x - a wand of charming (8)
Scrolls
 f - 5 scrolls of teleportation
 k - 4 scrolls of amnesia
 l - 2 scrolls of poison
 n - a scroll of fog {unknown}
 s - a scroll of vulnerability {unknown}
 B - a scroll of enchant armour {unknown}
Potions
 c - a potion of heal wounds
 i - a potion of ambrosia {unknown}
 j - 2 potions of lignification
 o - a potion of brilliance
 p - a potion of berserk rage {unknown}
 q - a potion of resistance {unknown}
 t - 2 potions of flight
 w - a potion of haste {unknown}
 z - a potion of attraction {unknown}
Miscellaneous
 g - a piece from Xom's chessboard (15/15)


   Skills:
 - Level 2.0 Fighting
 - Level 1.7 Maces & Flails
 - Level 1.0 Throwing
 - Level 1.0 Stealth
 - Level 1.0 Spellcasting
 + Level 5.6 Conjurations
 + Level 2.9 Hexes
 + Level 2.5 Fire Magic
 - Level 1.2 Invocations
 - Level 1.0 Evocations


You had 3 spell levels left.
You knew the following spells:

 Your Spells              Type           Power      Damage    Failure   Level
a - Foxfire               Conj/Fire      56%        2x1d6     1%          1
b - Dazzling Flash        Conj/Hex       30%        N/A       4%          3

Your spell library contained the following spells:

 Spells                   Type           Power      Damage    Failure   Level
 Beastly Appendage        Tmut           0%         N/A       9%          1
 Sting                    Tmut/Pois      0%         1d3       9%          1
 Poisonous Vapours        Pois/Air       0%         N/A       13%         2
 Wereblood                Tmut           0%         N/A       13%         2
 Spider Form              Tmut/Pois      0%         N/A       26%         3
 Olgreb's Toxic Radiance  Pois           0%         N/A       61%         4


Dungeon Overview and Level Annotations

Branches:
Dungeon (5/15)             Temple (1/1) D:5

Altars:
Dithmenos
Fedhas
Hepliaklqana
Kikubaaqudgha
Okawaru
Qazlal
Ru
Sif Muna
Trog
Yredelemnul

Annotations:
D:3 2 runed translucent doors, Grinder; Ijyb; Strat's ghost, amateur MeHW
D:5 1 runed translucent door, Crazy Yiuf; Edmund


Innate Abilities, Weirdness & Mutations

You sometimes gain power by taking damage.
You regenerate magic rapidly.


Message History

* * * LOW HITPOINT WARNING * * *
You sock the howler monkey!
You kill the howler monkey!
b - a staff of fire (weapon)
You start resting.
Magic restored.
You start resting.
HP restored.
Things that are here:
a +0 shortbow; a centaur skeleton
Found 4 boomerangs.
A crimson imp comes into view.
It is wielding the +7 quarterstaff of Aziwusobb {vamp, +Blink Int+4 Dex+4}.
You see here a scroll labelled DUMOJ ROEPHI.
Things that are here:
a +0 shortbow; a centaur skeleton Edmund shouts!
Casting: Foxfire (safe; 1% risk of failure)
Confirm with . or Enter, or press ? or * to list all spells.
Casting: Dazzling Flash (dangerous; 4% risk of failure)
Press: ? - help, Dir - look around, f - activate Edmund is dazzled.
Edmund gestures with his flail.
Edmund hits you with a +5 vorpal flail!
You focus on the pain.
You feel agile all of a sudden.
Unknown command.
a - a +2 mace (weapon)
You hit Edmund.
Edmund is lightly wounded.
Edmund barely misses you. Edmund hits you with a +5 vorpal flail!
You focus on the pain.
You feel very mighty all of a sudden.
Edmund is no longer blind.
Edmund hits you with a +5 vorpal flail.
Okay, then.
As you read the scroll of teleportation, it crumbles to dust.
You feel strangely unstable. Edmund hits you with a +5 vorpal flail.
* * * LOW HITPOINT WARNING * * *
x2 Unknown command.
Edmund attacks as you move away! Edmund hits you with a +5 vorpal flail!
* * * LOW HITPOINT WARNING * * *
You die...

##..##### ##........... #..#
##.......... #..#####
####.##.#.. # ##......##
###.##.#.. #. ##........##
####.)....... #.
#..........###....#.##....
###.####.......<......####.#
... ................@.#####
### .. .....PP.........@.# .
#.PP>............#
##..PP.#........##
#.P..........<..#
##...#..........#
#...#..........#
##..#>.........#
####..........# ##........##


You could see Edmund.

Vanquished Creatures
  A centaur (D:5)
  A phantom (D:5)
  A necrophage (D:4)
  A howler monkey (D:5)
  An orc priest (D:3)
  A hound (D:4)
  2 iguanas (D:4)
  An adder (D:2)
  A worm (D:2)
  4 dart slugs
  8 orcs
  4 ball pythons
  6 bats
  3 endoplasms
  3 giant cockroaches
  6 goblins
  10 hobgoblins
  6 jackals
  2 quokkas (D:3)
  3 frilled lizards
  11 kobolds
  6 rats
82 creatures vanquished.

Vanquished Creatures (others)
  204 foxfires
  A fungus (D:5)
205 creatures vanquished.

Grand Total: 287 creatures vanquished

Notes
Turn   | Place    | Note
-------+----------+-------------------------------------------
     0 | D:1      | odiv the Demonspawn Wanderer began the quest for the Orb.
     0 | D:1      | odiv set off with the following items: a +2 mace, a piece
                  | from Xom's chessboard (15/15), a potion of heal wounds, a
                  | +0 robe; and the following spell memorised: Foxfire; and
                  | the following spells available to memorise: Dazzling Flash.
     0 | D:1      | Reached XP level 1. HP: 16/16 MP: 2/2
   186 | D:1      | Reached skill level 2 in Conjurations
   271 | D:1      | Gained mutation: You regenerate magic rapidly. [demonic
                  | ancestry]
   271 | D:1      | Reached XP level 2. HP: 22/22 MP: 3/3
  1054 | D:2      | Reached skill level 3 in Conjurations
  1334 | D:2      | Reached XP level 3. HP: 27/27 MP: 2/4
  2264 | D:3      | Learned a level 3 spell: Dazzling Flash
  2379 | D:3      | Found a shimmering blue altar of Sif Muna.
  2438 | D:3      | Found a large runed translucent door.
  2439 | D:3      | Found a large runed translucent door.
  2444 | D:3      | Noticed Strat's ghost (amateur MeHW)
  2557 | D:3      | Reached XP level 4. HP: 32/33 MP: 3/5
  2584 | D:3      | Reached skill level 4 in Conjurations
  3115 | D:3      | Noticed Ijyb
  3316 | D:3      | Noticed Grinder
  3485 | D:4      | Gained mutation: You sometimes gain a little power by
                  | taking damage. [demonic ancestry]
  3485 | D:4      | Reached XP level 5. HP: 29/38 MP: 3/6
  3852 | D:4      | Reached skill level 1 in Hexes
  3958 | D:4      | Found a hazy altar of Hepliaklqana.
  3978 | D:4      | Reached skill level 5 in Conjurations
  3978 | D:4      | Reached skill level 1 in Fire Magic
  4432 | D:5      | Entered Level 5 of the Dungeon
  4432 | D:5      | Noticed a phantom
  4444 | D:4      | Gained mutation: You sometimes gain power by taking damage.
                  | [demonic ancestry]
  4444 | D:4      | Reached XP level 6. HP: 40/44 MP: 7/7
  4477 | D:5      | Noticed Edmund
  4569 | D:5      | Found a runed translucent door.
  4570 | D:5      | Noticed Crazy Yiuf
  4591 | D:5      | Found a staircase to the Ecumenical Temple.
  4611 | Temple   | Entered the Ecumenical Temple
  5270 | D:5      | Identified the +7 quarterstaff of Aziwusobb {vamp, +Blink
                  | Int+4 Dex+4}
  5290 | D:5      | Slain by Edmund

Illustrated notes

Levels and vault maps discovered:
D:1:      wander_arrival_lonely_grave, layout_loops_cross
D:2:      layout_basic, minmay_increasing_density
D:3:      layout_loops_ring, mainiacjoe_overflow_surrounded_room,
          ebering_ghost_disaster_area, uniq_grinder, uniq_ijyb
D:4:      layout_basic, mainiacjoe_overflow_small_starburst
D:5:      layout_rooms, grunt_temple_overflow_champion_of_chaos,
          nicolae_ashenzari_panopticon, minmay_temple_entry_overgrown,
          nicolae_specific_store, kennysheep_generic_room_15, uniq_edmund,
          uniq_crazy_yiuf_cottage
Temple:   grunt_temple_mini_profane

Skill      XL: |  1  2  3  4  5  6 |
---------------+-------------------+-----
Conjurations   | 2 3 4 5 |  5.6
Hexes          | 2 |  2.9
Fire Magic     | 1 2 |  2.5
Fighting       | |  2.0
Maces & Flails | |  1.7
Throwing       | |  1.0
Stealth        | |  1.0
Spellcasting   | |  1.0
Invocations    | |  1.2
Evocations     | |  1.0

Action                   |  1- 3 |  4- 6 || total
-------------------------+-------+-------++-------
Melee: Mace              |    43 |    47 ||    90
       Staff             |     7 |       ||     7
       Punch             |       |     1 ||     1
 Cast: Foxfire           |    44 |    73 ||   117
       Dazzling Flash    |       |     3 ||     3
Evoke: Piece from Xom's  |       |     1 ||     1
  Use: Scroll            |     4 |     5 ||     9
       Potion            |       |     1 ||     1
 Stab: Sleeping          |     3 |       ||     3
Armor: Robe              |    18 |    26 ||    44
Dodge: Dodged            |    44 |    63 ||   107
